 Dungeon Crawl Stone Soup version 0.21-a0-344-g2144152 (webtiles) character file.

641 paralogiki the Skirmisher (level 7, -6/59 HPs)
             Began as a Gnoll Wanderer on Oct 4, 2017.
             Was a Follower of Makhleb.
             Killed from afar by Ijyb (14 damage)
             ... with a wand of lightning (?/15)
             ... on level 4 of the Dungeon.
             The game lasted 00:05:33 (2958 turns).

paralogiki the Skirmisher (Gnoll Wanderer)          Turns: 2958, Time: 00:05:34

Health: -6/59      AC: 12    Str: 15    XL:     7   Next: 51%
Magic:  10/14      EV: 13    Int: 15    God:    Makhleb [*.....]
Gold:   152        SH:  0    Dex: 15    Spells: 15/15 levels left

rFire    . . .     SeeInvis .   d - +0 hand axe
rCold    . . .     Gourm    .   (no shield)
rNeg     . . .     Faith    .   e - +0 scale mail
rPois    .         Spirit   .   (no helmet)
rElec    .         Reflect  .   q - +2 cloak {+Inv}
rCorr    .         Harm     .   m - +0 pair of gloves
MR       .....                  (no boots)
Stlth    ++........             i - amulet of regeneration {+regen, !d}
HPRegen  0.59/turn              (no ring)
MPRegen  0.14/turn              (no ring)

@: no status effects
A: distributed training, fangs 1, strong nose
a: Renounce Religion, Evoke Invisibility


You were on level 4 of the Dungeon.
You worshipped Makhleb.
Makhleb was aware of your devotion.
You were not hungry.

You visited 1 branch of the dungeon, and saw 4 of its levels.

You collected 152 gold pieces.

Inventory:

Hand Weapons
 d - a +0 hand axe (weapon)
Missiles
 b - 2 throwing nets {=f, !d}
Armour
 e - a +0 scale mail (worn)
   (You found it on level 2 of the Dungeon)
 m - a +0 pair of gloves (worn)
   (You found it on level 2 of the Dungeon)
 q - a +2 cloak of invisibility (worn)
   (You took it off Crazy Yiuf on level 2 of the Dungeon)
Jewellery
 i - an amulet of regeneration (around neck) {+regen, !d}
   (You found it on level 1 of the Dungeon)
Scrolls
 c - 3 scrolls of amnesia
 g - a scroll of identify {unknown}
 k - a scroll of enchant weapon {unknown}
 l - a scroll of teleportation {unknown}
 p - 2 scrolls of magic mapping {unknown}
 r - a scroll of remove curse {unknown}
 t - a scroll of blinking {unknown}
Potions
 h - a potion of curing {@q1}
 j - a potion of lignification {!q}
 n - 3 potions of magic
Comestibles
 a - 3 meat rations {@e2}
 f - 2 bread rations {@e1}
 o - 5 chunks of flesh {@w0}


   Skills:
 + Level 6.7 Fighting
 + Level 4.8 Short Blades
 + Level 4.8 Long Blades
 + Level 6.7 Axes
 + Level 4.8 Maces & Flails
 + Level 4.8 Polearms
 + Level 4.8 Staves
 + Level 4.8 Slings
 + Level 4.8 Bows
 + Level 4.8 Crossbows
 + Level 4.8 Throwing
 + Level 6.7 Armour
 + Level 6.7 Dodging
 + Level 5.4 Stealth
 + Level 4.8 Shields
 + Level 4.8 Unarmed Combat
 + Level 4.8 Spellcasting
 + Level 4.8 Conjurations
 + Level 4.8 Hexes
 + Level 4.8 Charms
 + Level 4.8 Summonings
 + Level 4.8 Necromancy
 + Level 4.8 Translocations
 + Level 4.8 Transmutations
 + Level 4.8 Fire Magic
 + Level 4.8 Ice Magic
 + Level 4.8 Air Magic
 + Level 4.8 Earth Magic
 + Level 4.8 Poison Magic
 + Level 4.8 Invocations
 + Level 5.5 Evocations


You had 15 spell levels left.
You didn't know any spells.

Dungeon Overview and Level Annotations

Branches:
Dungeon (4/15)
 Temple: D:4-7

Altars:
Makhleb
The Shining One

Annotations:
D:4 Ijyb


Innate Abilities, Weirdness & Mutations

Your experience applies equally to all skills.
You have very sharp teeth.
Your uncanny sense of smell can sniff out nearby items.


Message History

You take 2 damage, and have 35/51 hp.
You barely miss Ijyb. You bite Ijyb. You hit the hound.
The hound bites you but does no damage.
Ijyb zaps a wand.
The bolt of lightning hits you! The hound bites you.
You take 15 damage, and have 20/51 hp.
MASSIVE DAMAGE!!
Okay, then.
Unknown command.
Okay, then.
You closely miss Ijyb. You hit the hound but do no damage. The hound bites you.
Ijyb barely misses you.
You hit Ijyb but do no damage. You hit the hound.
The hound bites you but does no damage. Ijyb barely misses you.
The hound bites you but does no damage.
You hit Ijyb. You hit the hound but do no damage. The hound misses you.
Ijyb completely misses you.
You hit Ijyb. You bite Ijyb. You hit the hound.
The hound bites you but does no damage. Ijyb closely misses you.
The hound barely misses you.
You hit Ijyb. Your bite misses Ijyb. You closely miss the hound.
The hound barely misses you.
Ijyb zaps a wand.
The bolt of lightning hits you!
* * * LOW HITPOINT WARNING * * *
The hound bites you but does no damage.
You closely miss Ijyb. You bite Ijyb. You closely miss the hound.
Ijyb zaps a wand.
The bolt of lightning misses you. The hound barely misses you.
You take 15 damage, and have 6/51 hp.
MASSIVE DAMAGE!!
It was a potion of magic.
Magic courses through your body. The hound misses you.
Ijyb hits you but does no damage. The hound bites you but does no damage.
It was a potion of experience.
You feel more experienced!
Your Fighting skill increases to level 6!
Your Short Blades skill gained 2 levels and is now at level 4!
Your Long Blades skill gained 2 levels and is now at level 4!
Your Axes skill increases to level 6!
Your Maces & Flails skill gained 2 levels and is now at level 4!
Your Polearms skill gained 2 levels and is now at level 4!
Your Staves skill gained 2 levels and is now at level 4!
Your Slings skill gained 2 levels and is now at level 4!
Your Bows skill gained 2 levels and is now at level 4!
Your Crossbows skill gained 2 levels and is now at level 4!
Your Throwing skill gained 2 levels and is now at level 4!
Your Armour skill increases to level 6!
Your Dodging skill increases to level 6!
Your Stealth skill gained 2 levels and is now at level 5!
Your Shields skill gained 2 levels and is now at level 4!
Your Unarmed Combat skill gained 2 levels and is now at level 4!
Your Spellcasting skill gained 2 levels and is now at level 4!
Your Conjurations skill gained 2 levels and is now at level 4!
Your Hexes skill gained 2 levels and is now at level 4!
Your Charms skill gained 2 levels and is now at level 4!
Your Summonings skill gained 2 levels and is now at level 4!
Your Necromancy skill gained 2 levels and is now at level 4!
Your Translocations skill gained 2 levels and is now at level 4!
Your Transmutations skill gained 2 levels and is now at level 4!
Your Fire Magic skill gained 2 levels and is now at level 4!
Your Ice Magic skill gained 2 levels and is now at level 4!
Your Air Magic skill gained 2 levels and is now at level 4!
Your Earth Magic skill gained 2 levels and is now at level 4!
Your Poison Magic skill gained 2 levels and is now at level 4!
Your Invocations skill gained 2 levels and is now at level 4!
Your Evocations skill gained 2 levels and is now at level 5!
You have reached level 7!
Ijyb barely misses you. The hound closely misses you.
You regained 2 hp, and now have 9/59 hp.
Okay, then.
Unknown command.
You aren't carrying any items that you can evoke.
Unknown command.
Unknown command.
You hit Ijyb but do no damage. You completely miss the hound.
The hound barely misses you. Ijyb hits you but does no damage.
The hound barely misses you.
You hit Ijyb but do no damage. You closely miss the hound.
Ijyb barely misses you. The hound closely misses you.
You barely miss Ijyb. Your bite misses Ijyb. You hit the hound.
Ijyb barely misses you. The hound barely misses you.
You hit Ijyb but do no damage. You closely miss the hound.
The hound misses you. Ijyb barely misses you. The hound bites you.
* * * LOW HITPOINT WARNING * * *
You take 4 damage, and have 6/59 hp.
You hit Ijyb but do no damage. You hit the hound but do no damage.
Ijyb hits you but does no damage. The hound bites you but does no damage.
You closely miss Ijyb. You closely miss the hound. The hound barely misses you.
Ijyb hits you but does no damage.
You hit Ijyb but do no damage. You closely miss the hound.
The hound barely misses you.
Ijyb zaps a wand.
The bolt of lightning misses you. The hound bites you but does no damage.
You hit Ijyb. You hit the hound but do no damage.
The hound bites you but does no damage.
Ijyb screams, "You nasty!
Big nasty!"
Ijyb zaps a wand.
The bolt of lightning hits you!
You die...

## #.#.........## ##
#...#.........# ##.
##.#............# #..
#....#............ ##.#
...#.............. ##..#
...).#............##..##
...#...g.........##..##
#.....#h@........##..##
#<..............##..##
#..............##..##
#.............##..##
#............##..##
#..........###..##
#.......####..##
##.....####..##
##....###...#######


You could see Ijyb and a hound.

Vanquished Creatures
  Crazy Yiuf (D:2)
  A centaur skeleton (D:4)
  A hound (D:3)
  Terence (D:2)
  2 worker ants
  4 gnolls (D:4)
  4 adders
  2 oozes
  2 worms
  A dart slug (D:1)
  A leopard gecko (D:1)
  3 orcs
  6 bats
  12 goblins
  9 hobgoblins
  10 jackals
  8 kobolds
  2 quokkas
  A ball python (D:2)
  5 frilled lizards
  A jackal skeleton (D:4)
  5 rats (D:1)
82 creatures vanquished.

Notes
Turn   | Place    | Note
-------+----------+-------------------------------------------
     0 | D:1      | paralogiki the Gnoll Wanderer began the quest for the Orb.
     0 | D:1      | paralogiki set off with: a +0 leather armour, 2 throwing nets {=f, !d}, a +0 mace, a +0 hand axe, a bread ration {@e1}
     0 | D:1      | Reached XP level 1. HP: 20/20 MP: 2/2
    73 | D:1      | Reached XP level 2. HP: 17/26 MP: 3/3
   780 | D:1      | Reached XP level 3. HP: 26/31 MP: 4/4
  1194 | D:2      | Reached skill level 1 in Short Blades
  1194 | D:2      | Reached skill level 1 in Long Blades
  1194 | D:2      | Reached skill level 1 in Maces & Flails
  1194 | D:2      | Reached skill level 1 in Polearms
  1194 | D:2      | Reached skill level 1 in Staves
  1194 | D:2      | Reached skill level 1 in Slings
  1194 | D:2      | Reached skill level 1 in Bows
  1194 | D:2      | Reached skill level 1 in Crossbows
  1194 | D:2      | Reached skill level 1 in Throwing
  1194 | D:2      | Reached skill level 1 in Shields
  1194 | D:2      | Reached skill level 1 in Unarmed Combat
  1194 | D:2      | Reached skill level 1 in Spellcasting
  1194 | D:2      | Reached skill level 1 in Conjurations
  1194 | D:2      | Reached skill level 1 in Hexes
  1194 | D:2      | Reached skill level 1 in Charms
  1194 | D:2      | Reached skill level 1 in Summonings
  1194 | D:2      | Reached skill level 1 in Necromancy
  1194 | D:2      | Reached skill level 1 in Translocations
  1194 | D:2      | Reached skill level 1 in Transmutations
  1194 | D:2      | Reached skill level 1 in Fire Magic
  1194 | D:2      | Reached skill level 1 in Ice Magic
  1194 | D:2      | Reached skill level 1 in Air Magic
  1194 | D:2      | Reached skill level 1 in Earth Magic
  1194 | D:2      | Reached skill level 1 in Poison Magic
  1194 | D:2      | Reached skill level 1 in Invocations
  1216 | D:2      | Reached XP level 4. HP: 31/38 MP: 6/6
  1293 | D:2      | Found a burning altar of Makhleb.
  1308 | D:2      | Became a worshipper of Makhleb the Destroyer
  1330 | D:2      | Noticed Terence
  1375 | D:2      | Killed Terence
  1715 | D:2      | Found a runed door.
  1719 | D:2      | Noticed Crazy Yiuf
  1726 | D:2      | HP: 1/38 [Crazy Yiuf/quarterstaff of chaos (13)]
  1780 | D:2      | Killed Crazy Yiuf
  1780 | D:2      | Reached XP level 5. HP: 32/43 MP: 7/7
  1857 | D:3      | Reached skill level 3 in Evocations
  2098 | D:3      | Reached * piety under Makhleb
  2114 | D:3      | Reached XP level 6. HP: 29/50 MP: 8/8
  2586 | D:4      | Reached skill level 3 in Stealth
  2747 | D:4      | Found a glowing golden altar of the Shining One.
  2763 | D:4      | Reached skill level 5 in Fighting
  2763 | D:4      | Reached skill level 5 in Axes
  2763 | D:4      | Reached skill level 5 in Armour
  2763 | D:4      | Reached skill level 5 in Dodging
  2767 | D:4      | HP: 12/51 [gnoll/halberd (10)]
  2793 | D:4      | Reached skill level 2 in Short Blades
  2793 | D:4      | Reached skill level 2 in Long Blades
  2793 | D:4      | Reached skill level 2 in Maces & Flails
  2793 | D:4      | Reached skill level 2 in Polearms
  2793 | D:4      | Reached skill level 2 in Staves
  2793 | D:4      | Reached skill level 2 in Slings
  2793 | D:4      | Reached skill level 2 in Bows
  2793 | D:4      | Reached skill level 2 in Crossbows
  2793 | D:4      | Reached skill level 2 in Throwing
  2793 | D:4      | Reached skill level 2 in Shields
  2793 | D:4      | Reached skill level 2 in Unarmed Combat
  2793 | D:4      | Reached skill level 2 in Spellcasting
  2793 | D:4      | Reached skill level 2 in Conjurations
  2793 | D:4      | Reached skill level 2 in Hexes
  2793 | D:4      | Reached skill level 2 in Charms
  2793 | D:4      | Reached skill level 2 in Summonings
  2793 | D:4      | Reached skill level 2 in Necromancy
  2793 | D:4      | Reached skill level 2 in Translocations
  2793 | D:4      | Reached skill level 2 in Transmutations
  2793 | D:4      | Reached skill level 2 in Fire Magic
  2793 | D:4      | Reached skill level 2 in Ice Magic
  2793 | D:4      | Reached skill level 2 in Air Magic
  2793 | D:4      | Reached skill level 2 in Earth Magic
  2793 | D:4      | Reached skill level 2 in Poison Magic
  2793 | D:4      | Reached skill level 2 in Invocations
  2931 | D:4      | Noticed Ijyb
  2947 | D:4      | HP: 6/51 [Ijyb/wand of lightning (?/15) (16)]
  2950 | D:4      | Reached skill level 6 in Fighting
  2950 | D:4      | Reached skill level 4 in Short Blades
  2950 | D:4      | Reached skill level 4 in Long Blades
  2950 | D:4      | Reached skill level 6 in Axes
  2950 | D:4      | Reached skill level 4 in Maces & Flails
  2950 | D:4      | Reached skill level 4 in Polearms
  2950 | D:4      | Reached skill level 4 in Staves
  2950 | D:4      | Reached skill level 4 in Slings
  2950 | D:4      | Reached skill level 4 in Bows
  2950 | D:4      | Reached skill level 4 in Crossbows
  2950 | D:4      | Reached skill level 4 in Throwing
  2950 | D:4      | Reached skill level 6 in Armour
  2950 | D:4      | Reached skill level 6 in Dodging
  2950 | D:4      | Reached skill level 5 in Stealth
  2950 | D:4      | Reached skill level 4 in Shields
  2950 | D:4      | Reached skill level 4 in Unarmed Combat
  2950 | D:4      | Reached skill level 4 in Spellcasting
  2950 | D:4      | Reached skill level 4 in Conjurations
  2950 | D:4      | Reached skill level 4 in Hexes
  2950 | D:4      | Reached skill level 4 in Charms
  2950 | D:4      | Reached skill level 4 in Summonings
  2950 | D:4      | Reached skill level 4 in Necromancy
  2950 | D:4      | Reached skill level 4 in Translocations
  2950 | D:4      | Reached skill level 4 in Transmutations
  2950 | D:4      | Reached skill level 4 in Fire Magic
  2950 | D:4      | Reached skill level 4 in Ice Magic
  2950 | D:4      | Reached skill level 4 in Air Magic
  2950 | D:4      | Reached skill level 4 in Earth Magic
  2950 | D:4      | Reached skill level 4 in Poison Magic
  2950 | D:4      | Reached skill level 4 in Invocations
  2950 | D:4      | Reached skill level 5 in Evocations
  2950 | D:4      | Reached XP level 7. HP: 8/59 MP: 9/14
  2954 | D:4      | HP: 6/59 [hound (5)]
  2958 | D:4      | Killed from afar by Ijyb

Vault maps used:
D:1:      onia_arrival_mini_spirals
D:2:      bloody_makhleb, uniq_terence, uniq_crazy_yiuf_cottage
D:4:      black_bear_nest_1, nicolae_overflow_crystal_walls, first_bread,
          solitary_fountain, minmay_misc_feat_pillars, minivault_26,
          uniq_menkaure, uniq_ijyb

Skill      XL: |  1  2  3  4  5  6 |
---------------+-------------------+-----
Short Blades   | 1 4 |  4.8
Long Blades    | 1 4 |  4.8
Maces & Flails | 1 4 |  4.8
Polearms       | 1 4 |  4.8
Staves         | 1 4 |  4.8
Slings         | 1 4 |  4.8
Bows           | 1 4 |  4.8
Crossbows      | 1 4 |  4.8
Throwing       | 1 4 |  4.8
Shields        | 1 4 |  4.8
Unarmed Combat | 1 4 |  4.8
Spellcasting   | 1 4 |  4.8
Conjurations   | 1 4 |  4.8
Hexes          | 1 4 |  4.8
Charms         | 1 4 |  4.8
Summonings     | 1 4 |  4.8
Necromancy     | 1 4 |  4.8
Translocations | 1 4 |  4.8
Transmutations | 1 4 |  4.8
Fire Magic     | 1 4 |  4.8
Ice Magic      | 1 4 |  4.8
Air Magic      | 1 4 |  4.8
Earth Magic    | 1 4 |  4.8
Poison Magic   | 1 4 |  4.8
Invocations    | 1 4 |  4.8
Evocations     | 3 5 |  5.5
Stealth        | 5 |  5.4
Fighting       | 6 |  6.7
Axes           | 6 |  6.7
Armour         | 6 |  6.7
Dodging        | 6 |  6.7

Action                   |  1- 3 |  4- 6 |  7- 9 || total
-------------------------+-------+-------+-------++-------
Melee: Hand axe          |   155 |   273 |     8 ||   436
       Bite              |     9 |    28 |       ||    37
       Punch             |       |     1 |       ||     1
  Use: Potion            |       |     4 |       ||     4
       Scroll            |       |     1 |       ||     1
 Stab: Sleeping          |     4 |       |       ||     4
  Eat: Chunk             |     1 |     6 |       ||     7
Armor: Leather armour    |    14 |       |       ||    14
       Scale mail        |    19 |   142 |     6 ||   167
Dodge: Dodged            |    86 |   195 |    13 ||   294

Table legend:
 A = Spawn XP
 B = Non-spawn XP
 C = Spawn XP percentage of total XP
 D = Spawn monster count
 E = Non-spawn monster count
 F = Spawn count percentage of total count
 G = Total turns spent on level
                    A         B        C        D         E        F      G
               +---------+---------+-------+---------+---------+-------+---------
         Total |       0 |     473 |   0.0 |       0 |      82 |   0.0 |  2958
               +---------+---------+-------+---------+---------+-------+---------
           D:1 |       0 |      37 |   0.0 |       0 |      23 |   0.0 |   865
           D:2 |       0 |     168 |   0.0 |       0 |      28 |   0.0 |   950
           D:3 |       0 |     134 |   0.0 |       0 |      23 |   0.0 |   731
           D:4 |       0 |     134 |   0.0 |       0 |       8 |   0.0 |   412
               +---------+---------+-------+---------+---------+-------+---------

Vault maps used:
D:1:      onia_arrival_mini_spirals
D:2:      bloody_makhleb, uniq_terence, uniq_crazy_yiuf_cottage
D:4:      black_bear_nest_1, nicolae_overflow_crystal_walls, first_bread,
          solitary_fountain, minmay_misc_feat_pillars, minivault_26,
          uniq_menkaure, uniq_ijyb

Table legend:
 A = Turns spent in this place as a percentage of turns spent in the entire game.
 B = Non-inter-level travel turns spent in this place as a percentage of non-inter-level travel turns spent in the entire game.
 C = Inter-level travel turns spent in this place as a percentage of turns spent in this place.
 D = Turns resting spent in this place as a percentage of non-inter-level travel turns spent in this place.
 E = Turns spent auto-exploring this place as a percentage of non-inter-level travel turns spent in this place.
 F = Non-inter-level travel turns spent in this place divided by the number of levels of this place that you've seen.
                   A       B       C       D       E      F
               +-------+-------+-------+-------+-------+----------------------
         Total | 100.0 | 100.0 |   1.5 |  17.7 |  55.2 | 728.5
       Dungeon | 100.0 | 100.0 |   1.5 |  17.7 |  55.2 | 728.5
               +-------+-------+-------+-------+-------+----------------------

Table legend:
 A = Kills in this place as a percentage of kills in entire the game.
 B = Kills by you in this place as a percentage of kills by you in the entire game.
 C = Kills by friends in this place as a percentage of kills by friends in the entire game.
 D = Other kills in this place as a percentage of other kills in the entire game.
 E = Experience gained in this place as a percentage of experience gained in the entire game.
 F = Experience gained in this place divided by the number of levels of this place that you have seen.
                   A       B       C       D       E      F
               +-------+-------+-------+-------+-------+----------------------
         Total | 100.0 | 100.0 |   N/A |   N/A | 100.0 | 118.2
       Dungeon | 100.0 | 100.0 |   N/A |   N/A | 100.0 | 118.2
               +-------+-------+-------+-------+-------+----------------------
